 Dungeon Crawl Stone Soup version 0.21.1-1-g345015f (webtiles) character file.

11 lightbrinder the Grave Robber (level 2, 0/20 HPs)
             Began as a Ghoul Necromancer on Mar 23, 2018.
             Slain by a rat (3 damage)
             ... on level 1 of the Dungeon.
             The game lasted 00:04:26 (296 turns).

lightbrinder the Grave Robber (Ghoul Necromancer)    Turns: 296, Time: 00:04:28

Health: 0/20       AC:  2    Str: 11    XL:     2   Next: 25%
Magic:  1/3        EV: 12    Int: 10    God:
Gold:   7          SH:  0    Dex:  9    Spells: 2/4 levels left

rFire    . . .     SeeInvis .   (no weapon)
rCold    + . .     Gourm    .   (no shield)
rNeg     + + +     Faith    .   a - +0 robe
rPois    ∞         Spirit   .   (no helmet)
rElec    .         Reflect  .   (no cloak)
rCorr    .         Harm     .   (no gloves)
MR       .....                  (no boots)
Stlth    ++........             (no amulet)
HPRegen  0.00/turn              (no ring)
MPRegen  0.08/turn              (no ring)

@: very slightly contaminated, rotting
A: rotting body, claws 1, carnivore, cold resistance 1, negative energy
resistance 3, inhibited regeneration, torment resistance, unbreathing
a: no special abilities


You were on level 1 of the Dungeon.
You were not hungry.

You visited 1 branch of the dungeon, and saw 1 of its levels.

You collected 7 gold pieces.

Inventory:

Armour
 a - a +0 robe (worn)
Jewellery
 h - an uncursed ring of fire {unknown}
Scrolls
 d - a scroll of amnesia {unknown}
 e - a scroll of identify {unknown}
Potions
 g - a potion of curing
Books
 b - a book of Necromancy

   Spells                             Type                      Level
   a - Pain                           Necromancy                   1
   b - Animate Skeleton               Necromancy                   1
   c - Vampiric Draining              Necromancy                   3
   d - Regeneration                   Charms/Necromancy            3
   e - Animate Dead                   Necromancy                   4
   f - Borgnjor's Vile Clutch         Necromancy/Earth             5
Comestibles
 c - a ration
 f - 5 chunks of flesh


   Skills:
 + Level 0.1 Fighting
 + Level 1.7 Dodging
 + Level 2.1 Stealth
 + Level 1.8 Spellcasting
 + Level 4.4 Necromancy


You had 2 spell levels left.
You knew the following spells:

 Your Spells              Type           Power        Failure   Level  Hunger
a - Pain                  Necr           #...         4%          1    ##.....
b - Animate Skeleton      Necr           N/A          4%          1    ##.....


Dungeon Overview and Level Annotations

Branches:
Dungeon (1/15)

Altars:


Innate Abilities, Weirdness & Mutations

Your body is rotting away.
You thrive on raw meat.
You are immune to poison.
You have sharp fingernails.
You are carnivorous and can eat meat at any time.
Your flesh is cold resistant. (rC+)
You are immune to negative energy. (rN+++)
You do not regenerate when monsters are visible.
You are immune to unholy pain and torment.
You can survive without breathing.


Message History

Your hobgoblin skeleton misses the hobgoblin.
The hobgoblin hits your hobgoblin skeleton with a club.
The rat bites your leopard gecko skeleton.
Your leopard gecko skeleton is destroyed!
The hobgoblin hits your hobgoblin skeleton with a club.
Your hobgoblin skeleton barely misses the hobgoblin.
Casting: Pain
Confirm with . or Enter, or press ? or * to list all spells.
Aiming: Pain
Press: ? - help, Shift-Dir - straight line, f/p - rat
Aim: a rat (moderately wounded, chance to defeat MR: 76%)
You miscast Pain.
You are very lightly contaminated with residual magic.
Your bones ache.
The hobgoblin hits your hobgoblin skeleton with a club.
Your hobgoblin skeleton is destroyed!
You closely miss the rat.
The rat is moderately wounded.
The rat bites you.
You die...

#..# #..# .#
#..###.#.
#######........
#..........#.#.
#......g...'...
#.....)....#...
#.....r....#
#####@...####..#
#. #.##.# #..# .
#.##.####..# .#
#..........##.#
#.............# #
#.#######...#.#.##
#.# #......... #.#
#...(...## #.#
###.########


You could see a hobgoblin and a rat.

Vanquished Creatures
  2 bats (D:1)
  2 hobgoblins (D:1)
  A kobold (D:1)
5 creatures vanquished.

Vanquished Creatures (collateral kills)
  A leopard gecko (D:1)
  2 hobgoblins (D:1)
  A kobold (D:1)
4 creatures vanquished.

Grand Total: 9 creatures vanquished

Notes
Turn   | Place    | Note
-------+----------+-------------------------------------------
     0 | D:1      | lightbrinder the Ghoul Necromancer began the quest for the Orb.
     0 | D:1      | Reached XP level 1. HP: 14/14 MP: 2/2
   143 | D:1      | Learned a level 1 spell: Animate Skeleton
   222 | D:1      | Reached XP level 2. HP: 19/20 MP: 3/3
   296 | D:1      | Slain by a rat

Action                   || total
-------------------------++-------
Melee: Unarmed           ||    27
 Cast: Pain              ||     5
       Animate Skeleton  ||     2
  Eat: Chunk             ||     1
Armor: Robe              ||    14
Dodge: Dodged            ||    40
